 Dungeon Crawl Stone Soup version 0.23.0 (webtiles) character file.

Game seed: 14807320158408312803

932 McKennaii the Shield-Bearer (level 8, -1/48 HPs)
             Began as a Gargoyle Fighter on Feb 16, 2019.
             Was a Follower of Cheibriados.
             Slain by Prince Ribbit (9 damage)
             ... on level 5 of the Dungeon.
             The game lasted 00:10:52 (3396 turns).

McKennaii the Shield-Bearer (Gargoyle Fighter)      Turns: 3396, Time: 00:10:53

Health: -1/48      AC: 15    Str: 24    XL:     8   Next: 11%
Magic:  8/8        EV:  8    Int: 11    God:    Cheibriados [*.....]
Gold:   247        SH: 10    Dex: 11    Spells: 7/7 levels left

rFire    . . .     SeeInvis .   a - +0 flail
rCold    + . .     Gourm    +   c - +0 shield
rNeg     + . .     Faith    .   b - +0 scale mail
rPois    ∞         Spirit   .   (no helmet)
rElec    +         Reflect  .   l - +0 cloak
rCorr    .         Harm     .   s - +0 pair of gloves
MR       .....                  (no boots)
Stlth    ..........             k - amulet of the gourmand
HPRegen  0.16/turn              n - ring of protection from cold
MPRegen  0.11/turn              (no ring)

@: hasted, quick
A: negative energy resistance 1, electricity resistance, unbreathing,
petrification resistance, rot immunity, AC +5
a: Bend Time, Renounce Religion


You were on level 5 of the Dungeon.
You worshipped Cheibriados.
Cheibriados was aware of your devotion.
You were completely stuffed.

You visited 2 branches of the dungeon, and saw 6 of its levels.

You collected 247 gold pieces.

Inventory:

Hand Weapons
 a - a +0 flail (weapon)
Armour
 b - a +0 scale mail (worn)
 c - a +0 shield (worn)
 l - a +0 cloak (worn)
 s - a +0 pair of gloves (worn)
Jewellery
 k - an amulet of the gourmand (around neck)
 n - a ring of protection from cold (left hand)
Wands
 x - a wand of acid (10)
Scrolls
 g - a scroll of remove curse
 h - a scroll of enchant armour
 j - a scroll of identify
 r - 2 scrolls of amnesia
 t - a scroll of immolation
 u - a scroll of magic mapping {unknown}
 w - a scroll of blinking {unknown}
Potions
 e - a potion of curing
 i - 2 potions of flight
 m - a potion of brilliance
Comestibles
 d - a chunk of flesh
 f - 13 rations


   Skills:
 + Level 4.9 Fighting
 + Level 5.5 Maces & Flails
 + Level 5.6 Armour
 + Level 1.5 Dodging
 + Level 0.6 Stealth
 + Level 5.7 Shields


You had 7 spell levels left.
You didn't know any spells.
Your spell library contained the following spells:

 Spells                   Type           Power        Failure   Level  Hunger
 Magic Dart               Conj           #...         95%         1    ##.....
 Blink                    Tloc           N/A          99%         2    ###....
 Call Imp                 Summ           #.......     99%         2    ###....
 Slow                     Hex            #.......     99%         2    ###....
 Conjure Flame            Conj/Fire      #.......     100%        3    ####...
 Mephitic Cloud           Conj/Pois/Air  #.......     100%        3    ####...


Dungeon Overview and Level Annotations

Branches:
Dungeon (5/15)             Temple (1/1) D:4

Altars:
Ashenzari
Cheibriados
Dithmenos
Fedhas
Makhleb
Nemelex Xobeh
Qazlal
Ru
Vehumet
Yredelemnul

Annotations:
D:5 Prince Ribbit


Innate Abilities, Weirdness & Mutations

You are resistant to torment.
Your stone body is resilient. (AC +5)
You are immune to poison.
You resist negative energy. (rN+)
You are resistant to electric shocks. (rElec)
You can survive without breathing.
You are immune to petrification.
You are immune to rotting.


Message History

Prince Ribbit is heavily wounded.
Prince Ribbit completely misses you. You block Prince Ribbit's attack.
Your shield and scale mail prevent you from hitting Prince Ribbit.
Prince Ribbit is heavily wounded.
Prince Ribbit hits you! x2
* * * LOW HITPOINT WARNING * * *
Okay, then.
You don't know any spells.
Okay, then.
It was a potion of haste.
You feel yourself speed up.
Cheibriados forgives your accidental hurry, just this once.
Prince Ribbit blinks!
Prince Ribbit sighs, "It's not easy being green!"
You hit Prince Ribbit.
Prince Ribbit is severely wounded.
You block Prince Ribbit's attack.
You miss Prince Ribbit.
Prince Ribbit is severely wounded.
Prince Ribbit hits you!
You die...

...........# ..........#
#........# #........#
..#........# #.#........#
#.# #.#........# #.# ##
#....F)....# #.# #...
.....#@##)##.# #.# #..#
####.#.##.# #
#.####..######.#.##!#
....##..#........##.#
....##..#.###...###.#
....[.....###.#.###.## ##
........###...#...(..##...
............#####.........
....###.###...#...(..##.##


You could see Prince Ribbit.

Vanquished Creatures
  Menkaure (D:5)
  2 ogres (D:4)
  A centaur (D:5)
  A scorpion (D:4)
  A howler monkey (D:3)
  A hound (D:2)
  A bullfrog skeleton (D:4)
  6 orc wizards (D:5)
  3 worker ants
  A hound zombie (D:5)
  A worker ant zombie (D:3)
  8 adders
  2 worms
  A dart slug (D:2)
  6 leopard geckos
  7 orcs
  4 bats
  5 giant cockroaches
  4 goblins
  3 hobgoblins
  4 jackals (D:1)
  5 kobolds
  3 quokkas (D:3)
  3 ball pythons
  A ball python skeleton (D:4)
  6 frilled lizards
  A quokka skeleton (D:4)
  8 rats
90 creatures vanquished.

Notes
Turn   | Place    | Note
-------+----------+-------------------------------------------
     0 | D:1      | McKennaii the Gargoyle Fighter began the quest for the Orb.
     0 | D:1      | Reached XP level 1. HP: 14/14 MP: 1/1
    41 | D:1      | Reached XP level 2. HP: 17/19 MP: 2/2
   695 | D:2      | Reached XP level 3. HP: 23/23 MP: 3/3
  1018 | D:2      | Found a stormy altar of Qazlal.
  1045 | D:2      | Reached XP level 4. HP: 25/29 MP: 4/4
  1154 | D:2      | Found a shattered altar of Ashenzari.
  1754 | D:3      | Reached XP level 5. HP: 30/33 MP: 5/5
  2167 | D:4      | Found a staircase to the Ecumenical Temple.
  2219 | D:4      | Noticed an ogre
  2345 | D:4      | Reached skill level 1 in Dodging
  2376 | D:4      | Noticed an ogre
  2383 | D:4      | Killed an ogre
  2383 | D:4      | Reached XP level 6. HP: 36/38 MP: 6/6
  2964 | D:4      | Reached skill level 5 in Shields
  2964 | D:4      | Reached XP level 7. HP: 38/44 MP: 7/7
  3096 | Temple   | Entered the Ecumenical Temple
  3101 | Temple   | Became a worshipper of Cheibriados the Contemplative
  3130 | D:5      | Entered Level 5 of the Dungeon
  3149 | D:5      | Reached skill level 5 in Armour
  3172 | D:5      | Noticed Menkaure
  3183 | D:5      | Killed Menkaure
  3226 | D:5      | Found a blossoming altar of Fedhas.
  3249 | D:5      | Reached skill level 5 in Maces & Flails
  3326 | D:5      | Noticed Prince Ribbit
  3329 | D:5      | Reached XP level 8. HP: 35/48 MP: 8/8
  3375 | D:5      | Reached * piety under Cheibriados
  3396 | D:5      | Slain by Prince Ribbit

Skill      XL: |  1  2  3  4  5  6  7 |
---------------+----------------------+-----
Armour         | 4 5 |  5.6
Maces & Flails | 3 4 5 |  5.5
Shields        | 4 5 |  5.7
Fighting       | 4 |  4.9
Dodging        | 1 |  1.5
Stealth        | |  0.6

Action                   |  1- 3 |  4- 6 |  7- 9 || total
-------------------------+-------+-------+-------++-------
Melee: Flail             |   150 |   217 |   138 ||   505
  Use: Potion            |       |     1 |     3 ||     4
       Scroll            |       |       |    10 ||    10
  Eat: Chunk             |       |    22 |     4 ||    26
Armor: Scale mail        |   111 |   117 |    77 ||   305
Dodge: Dodged            |    36 |    78 |    42 ||   156
Block: Shield            |    89 |   126 |    68 ||   283
